AoeStats
← 93老玩家回归

Arena

510070346Analyzed
4v4 RM · 3d ago on Sep 29, 2026· 63m 9s· 8 players
Game mode
Random Map
Map size
Large (8 player)
Population
200
Speed
Normal
Resources
Standard
Victory
Conquest
Starting age
Dark Age
Ending age
Imperial Age
RankedLock teamsTeams togetherTeam positionsShared explorationLock speedFull tech treeHidden civsTurbo modeCheats
Victory
Defeat
1703
+9
🇹🇼 Danes · Taiwan
1520
+16
🇹🇼 Wei · Taiwan
1402
+21
🇨🇳 Mongols · China
1391
+22
🇩🇪 Ethiopians · Germany
1662
-22
🇩🇪 Britons · Germany
1656
-22
🇹🇼 Wei · Taiwan
1426
-13
🇨🇳 Hindustanis · China
1373
-11
Thundernips, The Ultimate Gigolo
11:31 Feudal Age
15:32 Castle Age
13:48 Double-Bit Axe
14:15 Horse Collar
16:57 Bow Saw
16:48 Heavy Plow
22:16 Wheelbarrow
26:40 Imperial Age
25:33 Hand Cart
25:04 Town Watch
25:04 Loom
25:17 Fletching
25:28 Padded Archer Armor
26:41 Onager
27:30 Gold Mining
29:49 Chemistry
30:01 Bodkin Arrow
30:22 Leather Archer Armor
30:11 Husbandry
30:50 Ballistics
31:04 Thumb Ring
31:06 Bracer
32:49 Ring Archer Armor
32:56 Medical Corps
32:27 Elite Elephant Archer
33:52 Fortified Wall
33:55 Masonry
36:04 Conscription
40:48 Guilds
41:35 Elite Skirmisher
47:16 Caravan
50:47 Two-Man Saw
54:53 Hoardings
54:16 Murder Holes
thetoastaoe
10:09 Feudal Age
11:52 Horse Collar
14:25 Castle Age
12:30 Double-Bit Axe
15:37 Bow Saw
15:28 Heavy Plow
21:54 Wheelbarrow
24:04 Hand Cart
24:49 Loom
24:58 Gold Mining
29:37 Imperial Age
26:53 Town Watch
27:10 Scale Mail Armor
27:20 Forging
27:02 Stone Mining
28:14 Chain Mail Armor
29:19 Iron Casting
28:47 Squires
28:32 Arson
28:34 Gambesons
30:07 Stone Shaft Mining
30:08 Gold Shaft Mining
29:12 Hamask
31:12 Plate Mail Armor
30:14 Elite Jomsviking
31:15 Conscription
32:02 Blast Furnace
32:35 Hoardings
33:21 Siege Engineers
34:17 Chemistry
33:09 Fletching
34:49 Heavy Scorpion
36:18 Northmen's Fury
37:11 Bodkin Arrow
38:09 Bracer
47:13 Man-at-Arms
47:14 Pikeman
49:51 Caravan
50:21 Coinage
49:52 Halberdier
50:25 Capped Ram
52:39 Banking
52:39 Gambesons
52:21 Siege Ram
53:00 Onager
58:02 Ballistics
58:06 Elite Varangian Guard
BaiKai AOE
6:09 Loom
8:23 Feudal Age
8:51 Double-Bit Axe
8:48 Horse Collar
9:06 Gold Mining
10:22 Stone Mining
13:29 Wheelbarrow
18:01 Castle Age
17:20 Fletching
18:17 Scale Barding Armor
18:52 Bow Saw
20:37 Heavy Plow
29:14 Hand Cart
30:37 Coinage
33:54 Imperial Age
32:04 Padded Archer Armor
31:59 Bodkin Arrow
31:40 Elite Skirmisher
32:24 Town Watch
33:19 Gold Shaft Mining
33:57 Thumb Ring
34:19 Ballistics
34:11 Tuntian
34:39 Leather Archer Armor
34:35 Bracer
35:02 Conscription
35:27 Conscription
37:03 Chemistry
37:33 Forging
38:49 Parthian Tactics
39:38 Murder Holes
39:54 Masonry
42:03 Husbandry
42:52 Crop Rotation
42:37 Bloodlines
42:28 Light Cavalry
42:30 Heavy Hei Guang Cavalry
43:06 Light Cavalry
43:49 Elite Tiger Cavalry
46:57 Hussar
48:33 Fortified Wall
48:04 Treadmill Crane
50:15 Caravan
51:05 Chain Barding Armor
51:21 Iron Casting
54:39 Ming Guang Armor
58:41 Blast Furnace
猪大肠
10:42 Feudal Age
11:38 Double-Bit Axe
11:54 Horse Collar
14:29 Castle Age
17:04 Bow Saw
25:16 Wheelbarrow
24:26 Loom
27:56 Imperial Age
25:14 Loom
25:47 Stone Mining
25:48 Gold Mining
25:50 Fletching
26:24 Padded Archer Armor
27:28 Gold Shaft Mining
27:42 Ballistics
27:18 Bodkin Arrow
27:39 Leather Archer Armor
28:07 Hand Cart
28:21 Bloodlines
29:05 Stone Shaft Mining
28:43 Bracer
30:15 Chemistry
29:19 Husbandry
30:01 Conscription
29:26 Light Cavalry
30:10 Elite Mangudai
31:32 Hussar
32:53 Scale Barding Armor
33:43 Parthian Tactics
34:47 Chain Barding Armor
37:04 Thumb Ring
38:15 Coinage
38:16 Forging
41:35 Iron Casting
41:23 Drill
41:39 Hoardings
43:10 Capped Ram
45:20 Blast Furnace
45:18 Siege Ram
48:55 Caravan
偷偷
10:08 Feudal Age
14:25 Castle Age
12:20 Double-Bit Axe
12:33 Horse Collar
15:32 Bow Saw
16:40 Wheelbarrow
20:41 Hand Cart
21:24 Gold Mining
21:44 Heavy Plow
22:09 Loom
22:25 Loom
23:54 Stone Mining
24:40 Gold Shaft Mining
25:49 Stone Shaft Mining
28:35 Imperial Age
26:13 Scale Barding Armor
26:18 Forging
26:14 Loom
27:20 Chain Barding Armor
28:23 Iron Casting
28:00 Bloodlines
27:50 Husbandry
28:51 Elite Tiger Cavalry
30:59 Blast Furnace
30:20 Town Watch
31:07 Conscription
31:40 Ming Guang Armor
33:14 Coinage
33:04 Fletching
32:57 Treadmill Crane
33:27 Masonry
33:47 Tuntian
35:35 Banking
34:29 Light Cavalry
35:20 Hussar
40:23 Bodkin Arrow
40:50 Ballistics
45:57 Bracer
46:26 Caravan
48:14 Crop Rotation
57:42 Hoardings
57:20 Scale Mail Armor
57:22 Padded Archer Armor
LM \ Molle
10:02 Feudal Age
13:37 Castle Age
11:23 Horse Collar
11:42 Double-Bit Axe
14:41 Bow Saw
14:42 Heavy Plow
16:57 Town Watch
16:58 Loom
18:14 Wheelbarrow
20:24 Hand Cart
25:33 Imperial Age
23:11 Gold Mining
24:02 Fletching
24:39 Padded Archer Armor
24:49 Thumb Ring
25:09 Ballistics
25:37 Bodkin Arrow
25:03 Crossbowman
27:16 Chemistry
26:56 Bracer
27:05 Loom
27:44 Arbalester
30:02 Siege Engineers
30:38 Leather Archer Armor
31:59 Onager
34:20 Elite Skirmisher
36:15 Ring Archer Armor
37:14 Conscription
38:06 Siege Onager
39:16 Masonry
40:39 Architecture
42:51 Torsion Engines
43:36 Caravan
43:56 Squires
43:42 Arson
43:58 Scale Mail Armor
44:08 Forging
48:56 Guilds
51:12 Two-Man Saw
52:17 Chain Mail Armor
93老玩家回归
9:32 Feudal Age
14:00 Castle Age
12:04 Double-Bit Axe
12:02 Horse Collar
16:32 Wheelbarrow
28:09 Imperial Age
26:43 Hand Cart
26:38 Scale Barding Armor
27:24 Bow Saw
27:30 Loom
29:58 Chain Barding Armor
29:48 Forging
29:31 Fletching
30:12 Husbandry
30:23 Bloodlines
31:05 Gold Mining
31:07 Stone Mining
31:20 Grand Trunk Road
31:41 Conscription
31:11 Heavy Camel Rider
32:34 Plate Barding Armor
33:54 Iron Casting
33:16 Bodkin Arrow
33:51 Imperial Camel Rider
35:19 Shatagni
37:18 Chemistry
36:38 Ballistics
36:24 Siege Engineers
36:30 Masonry
35:45 Elite Ghulam
36:30 Scale Mail Armor
36:31 Bracer
37:31 Blast Furnace
36:32 Padded Archer Armor
38:15 Chain Mail Armor
38:45 Gold Shaft Mining
38:47 Stone Shaft Mining
38:26 Imperial Camel Rider
43:18 Light Cavalry
45:09 Leather Archer Armor
46:37 Hussar
49:29 Hoardings
48:53 Murder Holes
hellg0lem
10:32 Feudal Age
14:16 Castle Age
13:16 Double-Bit Axe
14:28 Horse Collar
20:40 Bow Saw
20:37 Heavy Plow
23:46 Wheelbarrow
28:55 Imperial Age
26:28 Fletching
26:56 Hand Cart
27:08 Bodkin Arrow
27:01 Town Watch
28:01 Ballistics
27:45 Gold Mining
27:45 Stone Mining
28:18 Padded Archer Armor
28:30 Masonry
28:32 Loom
29:46 Bracer
30:47 Chemistry
30:20 Architecture
29:57 Siege Engineers
30:58 Architecture
31:35 Two-Man Saw
31:40 Leather Archer Armor
31:49 Scale Mail Armor
32:00 Forging
31:38 Treadmill Crane
33:10 Squires
32:56 Gambesons
32:32 Man-at-Arms
33:30 Chain Mail Armor
33:44 Conscription
34:09 Caravan
34:45 Ring Archer Armor
33:58 Elite Longbowman
34:17 Long Swordsman
35:34 Iron Casting
35:07 Two-Handed Swordsman
36:19 Plate Mail Armor
36:43 Champion
39:08 Pikeman
42:02 Warwolf
42:46 Gold Shaft Mining
45:51 Capped Ram
55:23 Elite Skirmisher
55:59 Light Cavalry
55:59 Light Cavalry
59:16 Scale Barding Armor
61:13 Hoardings
60:59 Yeomen
60:15 Halberdier
Connection lost

Rejoining the realm…

Still unreachable

The connection could not be restored.

Session expired

The server has moved on; the page needs a fresh start.